 Dungeon Crawl Stone Soup version 0.32-a0-28-g8eac1da (webtiles) character file.

Game seed: 7859138143388954785

1729 Dorkslayer the Poker (level 9, 0/58 HPs)
             Began as an Octopode Shapeshifter on Jan 19, 2024.
             Slain by a wight
             ... wielding a +3 trident
              (11 damage)
             ... on level 7 of the Dungeon.
             The game lasted 00:17:25 (4510 turns).

Dorkslayer the Poker (Octopode Shapeshifter)        Turns: 4510, Time: 00:17:26

Health: 0/58       AC:  1    Str: 17    XL:     9   Next: 5%
Magic:  9/9        EV: 14    Int: 12    God:
Gold:   46         SH:  0    Dex: 12    Spells: 8/8 levels left

rFire   . . .        o - +4 spear (distort)
rCold   . . .        (no shield)
rNeg    . . .        (helmet currently unavailable)
rPois   .            e - amulet of the acrobat
rElec   .            h - ring of wizardry
rCorr   +            i - ring of resist corrosion
SInv    .            p - ring of wizardry
Will    .....        (no ring)
Stlth   +++          (no ring)
HPRegen 0.29/turn    (no ring)
MPRegen 0.11/turn    (no ring)
                     (no ring)

%: acrobat, wizardry (x2)
@: beast-form
A: beast (slay +2), almost no armour, amphibious, 8 rings, camouflage 1,
gelatinous body 1, (nimble swimmer 1), tentacles
a: Begin Untransformation


You were on level 7 of the Dungeon.
You were a hulking beast.
You visited 2 branches of the dungeon, and saw 8 of its levels.

You collected 309 gold pieces.
You spent 263 gold pieces at shops.

Inventory:

Hand Weapons
 o - a +4 spear of distortion (weapon)
Missiles
 g - 2 javelins (quivered)
 u - 4 boomerangs
Jewellery
 e - an amulet of the acrobat (around mantle)
 h - a ring of wizardry (left tentacle)
 i - a ring of resist corrosion (right tentacle)
 p - a ring of wizardry (on tentacle)
Talismans
 b - a beast talisman
 c - a flux talisman
Wands
 x - a wand of iceblast (5)
Scrolls
 f - a scroll of enchant armour
 j - 6 scrolls of teleportation
 k - 2 scrolls of fog
 m - a scroll of fear
 n - a scroll of immolation
 s - a scroll of vulnerability {unknown}
 t - 2 scrolls of revelation
 w - 3 scrolls of poison
Potions
 a - a potion of lignification
 d - a potion of resistance
 l - a potion of enlightenment {unknown}
 q - 4 potions of heal wounds
 r - a potion of brilliance {unknown}
 v - a potion of magic


   Skills:
 * Level 4.1 Fighting
 + Level 5.8 Polearms
 + Level 1.6 Throwing
 * Level 4.4 Dodging
 + Level 4.2 Stealth
 * Level 5.6 Unarmed Combat
 * Level 1.8 Evocations
 * Level 4.6 Shapeshifting


You had 8 spell levels left.
You didn't know any spells.
Your spell library contained the following spells:

 Spells                   Type           Power      Damage    Failure   Level
 Kiss of Death            Conj/Necr      0%         2d5       9%          1
 Magic Dart               Conj           0%         1d3       9%          1
 Blink                    Tloc           0%         N/A       13%         2
 Call Imp                 Summ           0%         N/A       13%         2
 Lesser Beckoning         Tloc           0%         N/A       13%         2
 Call Canine Familiar     Summ           0%         N/A       24%         3
 Confusing Touch          Hex            0%         N/A       24%         3
 Gell's Gravitas          Tloc           0%         N/A       24%         3
 Sigil of Binding         Hex            0%         N/A       24%         3
 Teleport Other           Tloc           0%         N/A       24%         3
 Dimensional Bullseye     Hex/Tloc       0%         N/A       58%         4
 Dispel Undead            Necr           0%         3d6       58%         4
 Dispersal                Tloc           0%         N/A       100%        6


Dungeon Overview and Level Annotations

Branches:
Dungeon (7/15)             Temple (1/1) D:6

Altars:
Ashenzari
Cheibriados
Dithmenos
Elyvilon
Fedhas
Gozag
Hepliaklqana
Kikubaaqudgha
Makhleb
Nemelex Xobeh
Okawaru
Qazlal
Ru
Trog
Uskayaw
Vehumet
Wu Jian
Xom
Yredelemnul
Zin
The Shining One

Shops:
D:2 ?   D:3 =   D:5 !?([


Innate Abilities, Weirdness & Mutations

You are a hulking beast.
Your limbs bulge with bestial killing power. (Slay +2)
You cannot wear most types of armour.
You are amphibious.
You can wear up to eight rings at the same time.
Your skin changes colour to match your surroundings (Stealth+).
Your rubbery body absorbs attacks. (AC +1, EV +1)
((You are camouflaged when in or above water. (Stealth+)))
You have tentacles for arms and can constrict up to eight enemies at once.


Message History

You hit the wight but do no damage.
Space warps around the wight.
You grab the wight. You squeeze the wight!
The wight is almost destroyed.
You constrict the wight, but do no damage.
The wight hits you with a +4 short sword!
The wight barely misses you. x2
You puncture the wight!
You destroy the wight!
The wight barely misses you.
A jelly comes into view.
The kobold brigand throws a curare-tipped dart.
The curare-tipped dart closely misses you.
Unknown command.
The jelly quivers.
You puncture the wight! Your grab misses the wight.
The wight is severely damaged.
The wight blinks!
The wight closely misses you.
Unknown command.
Reach: o) +4 spear (distort)
Press: ? - help, Dir - move target, f - kobold brigand, p - wight
Aim: a kobold brigand, wielding a +0 whip and quivering curare-tipped darts (heavily wounded, about 35% to evade your +4 spear of distortion)
You reach to attack!
You puncture the kobold brigand!
Space warps around the kobold brigand.
The kobold brigand is severely wounded.
The kobold closely misses you. The wight closely misses you.
You puncture the wight! You grab the wight.
The wight is severely damaged.
You constrict the wight, but do no damage.
The wight hits you with a +0 war axe. The kobold barely misses you.
The kobold brigand barely misses you.
The wight hits you from afar with a +3 trident!
You puncture the wight!
You destroy the wight!
The wight barely misses you.
The kobold brigand hits you with a +0 whip!
* * * LOW HITPOINT WARNING * * *
The kobold hits you with a +0 club.
* * * LOW HITPOINT WARNING * * *
The wight hits you from afar with a +3 trident!
You die...

... . .. . .. .. ..
#.. #. ..
##..#z#### .#
......... ..###
..#.....#####.....#
#......<..)hK..#
###..#...z##K§## #
###.)..zz..#
#..........#
.z......J..#
#.......)...#
............#
.............#


You could see a kobold brigand, a jelly, 3 wights and a kobold.

Vanquished Creatures
  2 ogres (D:6)
  The ghost of Dega the Shield-Bearer, an amateur OpFi (D:3)
  A phantom (D:6)
  Blork the orc (D:6)
  A bullfrog (D:6)
  4 scorpions
  3 wights (D:7)
  2 quasits
  5 hounds
  A bombardier beetle (D:5)
  A jelly (D:5)
  2 gnoll boudas (D:5)
  2 orc priests (D:6)
  2 iguanas
  An orc wizard (D:4)
  8 gnolls (D:5)
  9 adders
  4 shadow imps
  4 white imps
  4 ufetubi (D:5)
  A dart slug (D:3)
  A ribbon worm (D:5)
  16 orcs
  10 ball pythons
  7 endoplasms
  3 giant cockroaches
  5 goblins
  7 hobgoblins
  4 jackals (D:4)
  6 kobolds
  6 quokkas
  9 bats
  3 frilled lizards (D:3)
  5 rats
141 creatures vanquished.

Notes
Turn   | Place    | Note
-------+----------+-------------------------------------------
     0 | D:1      | Dorkslayer the Octopode Shapeshifter began the quest for
                  | the Orb.
     0 | D:1      | Reached XP level 1. HP: 13/13 MP: 1/1
    68 | D:1      | Reached XP level 2. HP: 16/18 MP: 2/2
   325 | D:1      | You fall into a shaft and drop 1 floor!
   350 | D:2      | Reached XP level 3. HP: 23/23 MP: 3/3
   971 | D:2      | Found Ukhlouqai's Magic Scroll Shop.
   980 | D:2      | Bought a scroll of noise for 11 gold pieces
  1459 | D:3      | Reached skill level 1 in Stealth
  1459 | D:3      | Reached XP level 4. HP: 21/28 MP: 4/4
  1541 | D:3      | Found a shimmering altar of Xom.
  1541 | D:3      | Found a sparkling altar of Nemelex Xobeh.
  1563 | D:3      | Identified the +2 sling of Exoneration {flame, Will+ MP+9}
  1599 | D:3      | Found a runed translucent door.
  1599 | D:3      | Noticed Dega's ghost (amateur OpFi)
  1634 | D:3      | Identified the +1 chain mail of the Sea {Int-4 Dex+5}
  1698 | D:3      | Found Fazxueng's One-of-a-Kind Rings.
  1823 | D:3      | Reached XP level 5. HP: 23/34 MP: 5/5
  1991 | D:3      | Killed Dega's ghost
  1992 | D:3      | Reached skill level 1 in Polearms
  2135 | D:2      | Bought a scroll of enchant weapon for 82 gold pieces
  2135 | D:2      | Bought a scroll of identify for 22 gold pieces
  2311 | D:4      | Reached XP level 6. HP: 33/39 MP: 6/6
  3054 | D:5      | Entered Level 5 of the Dungeon
  3066 | D:4      | Reached XP level 7. HP: 20/45 MP: 7/7
  3349 | D:5      | Reached skill level 1 in Throwing
  3375 | D:5      | Reached XP level 8. HP: 46/52 MP: 8/8
  3392 | D:5      | Reached skill level 5 in Unarmed Combat
  3545 | D:5      | Found Buytav's Distillery.
  3547 | D:5      | Found Ycuide Tiug's Magic Scroll Emporium.
  3547 | D:5      | Found Deiteschy's Antique Weapon Emporium.
  3550 | D:5      | Found Wivigep's Armour Emporium.
  3684 | D:5      | Bought a scroll of revelation for 82 gold pieces
  3684 | D:5      | Bought a scroll of poison for 44 gold pieces
  3684 | D:5      | Bought a scroll of identify for 22 gold pieces
  3757 | D:6      | Found a staircase to the Ecumenical Temple.
  3763 | Temple   | Entered the Ecumenical Temple
  3796 | D:6      | Found an ornate altar of the Wu Jian Council.
  3805 | D:6      | Reached skill level 5 in Polearms
  4170 | D:6      | Noticed Blork the orc
  4196 | D:6      | Killed Blork the orc
  4227 | D:6      | Reached skill level 1 in Evocations
  4505 | D:7      | Reached XP level 9. HP: 47/58 MP: 9/9
  4510 | D:7      | Slain by a wight

Illustrated notes

Levels and vault maps discovered:
D:1:      moated_graveyard_arrival, layout_rooms, solitary_fountain
D:2:      layout_basic, serial_shops, shop
D:3:      layout_basic, jmf_multi_god_temple, hellmonk_ghost_happy_afterlife,
          nicolae_shop_unique_rings, nicolae_elevator_lobby_plus
D:4:      layout_gridville
D:5:      layout_cave_pools, serial_demonic, serial_demonic_a, serial_demonic_d,
          serial_demonic_d, serial_demonic_b, minmay_shop_grid_forest
D:6:      layout_basic, old_standard_altar, minmay_temple_entry_trees,
          serial_bayou_lake_a, uniq_blork_the_orc
D:7:      layout_rooms, uniq_jeremiah
Temple:   nicolae_temple_bog_church

Skill      XL: |  1  2  3  4  5  6  7  8 |
---------------+-------------------------+-----
Stealth        | 1 2 3 4 |  4.2
Fighting       | 2 3 4 |  4.1
Polearms       | 1 2 4 5 |  5.8
Unarmed Combat | 4 5 |  5.6
Dodging        | 3 4 |  4.4
Throwing       | 1 |  1.6
Shapeshifting  | 4 |  4.6
Evocations     | 1 |  1.8

Action                     |  1- 3 |  4- 6 |  7- 9 || total
---------------------------+-------+-------+-------++-------
  Melee: Unarmed           |    68 |     5 |       ||    73
         Tentacles         |    10 |     8 |    16 ||    34
         Constrict         |    14 |    17 |    20 ||    51
         Punch             |     4 |     1 |       ||     5
         Spear             |       |    81 |   114 ||   195
  Throw: Javelin           |       |    13 |    10 ||    23
  Evoke: Wand              |       |       |     5 ||     5
    Use: Scroll            |     8 |     2 |     3 ||    13
         Potion            |       |     1 |       ||     1
   Stab: Sleeping          |    12 |     2 |     1 ||    15
 Armour: Skin              |    20 |    36 |    26 ||    82
  Dodge: Dodged            |    33 |    30 |    56 ||   119

Table legend: (Time is in decaauts)
 A = Elapsed time spent in this place.
 B = Non-inter-level travel time spent in this place.
 C = Inter-level travel time spent in this place.
 D = Time resting spent in this place.
 E = Time spent auto-exploring this place.
 F = Levels seen in this place.
 G = Mean time per level.
                   A        B        C        D        E       F      G
               +--------+--------+--------+--------+--------+-----+--------+
         Total |   4483 |   4411 |     72 |     80 |   2374 |   8 |  560.4 |
       Dungeon |   4463 |   4391 |     72 |     80 |   2374 |   7 |  637.6 |
        Temple |     19 |     19 |      0 |      0 |      0 |   1 |   19.0 |
               +--------+--------+--------+--------+--------+-----+--------+

Top non-repeatable levels by time:
     D:4: 977 daAuts
     D:3: 838 daAuts
     D:2: 774 daAuts
     D:6: 718 daAuts
     D:1: 594 daAuts
     D:5: 539 daAuts
     D:7: 21 daAuts
  Temple: 19 daAuts
